SR
MOOSE JAW CANUCKS @ PHOENIX HOTSPUR ACADEMY
07/10/2034
 
TOP OF THE 1ST
Moose Jaw Canucks batting - Pitching for Phoenix Hotspur Academy : RHP Bob Norlander
Pitching: RHP Bob Norlander
Batting: RHB Álex Chávez 0-0: Ball
1-0: Fly out, F3 (Line Drive, 3)
Batting: RHB Peer Kattenberg 0-0: Called Strike
0-1: Called Strike
0-2: Foul Ball, location: 2F
0-2: Ball
1-2: Foul Ball, location: 2F
1-2: Strikes out looking
Batting: LHB Fernando Sandoval 0-0: Called Strike
0-1: Foul Ball, location: 2F
0-2: Foul Ball, location: 2F
0-2: Ball
1-2: Strikes out swinging
Top of the 1st over - 0 runs, 0 hits, 0 errors, 0 left on base; Moose Jaw 0 - Phoenix 0
BOTTOM OF THE 1ST
Phoenix Hotspur Academy batting - Pitching for Moose Jaw Canucks : RHP Billy Threepwood
Pitching: RHP Billy Threepwood
Batting: RHB Paco González 0-0: Called Strike
0-1: Called Strike
0-2: Ball
1-2: Ball
2-2: Ball
3-2: Strikes out swinging
Batting: LHB Pancho Coloma 0-0: Called Strike
0-1: SINGLE (Groundball, 3D)
Batting: RHB Brit Davis 0-0: Called Strike
0-1: Foul Ball, location: 2F
0-2: Strikes out looking
Batting: RHB Brad Lamb 0-0: Foul Ball, location: 2F
0-1: Ball
1-1: Ball
2-1: Ball
3-1: Swinging Strike
Balk!
Pancho Coloma to second
3-2: Fly out, F9 (Flyball, 9LMF)
Bottom of the 1st over - 0 runs, 1 hit, 0 errors, 1 left on base; Moose Jaw 0 - Phoenix 0
TOP OF THE 2ND
Moose Jaw Canucks batting - Pitching for Phoenix Hotspur Academy : RHP Bob Norlander
Batting: RHB Tim O'Brian 0-0: Called Strike
0-1: Ball
1-1: Ball
2-1: Swinging Strike
2-2: Ball
3-2: Base on Balls
Batting: SHB Ricardo Serna 0-0: Ball
1-0: Ball
2-0: Fly out, F9 (Flyball, 9LS)
Batting: RHB An-te-hai Qing 0-0: Called Strike
0-1: Ball
1-1: Ball
2-1: Ball
Wild Pitch!
Tim O'Brian to second
3-1: Ground out 6-3 (Groundball, 6)
Tim O'Brian to third
Batting: RHB Bernardo Rodríguez 0-0: Ball
1-0: Fly out, F9 (Line Drive, 89M)
Top of the 2nd over - 0 runs, 0 hits, 0 errors, 1 left on base; Moose Jaw 0 - Phoenix 0
BOTTOM OF THE 2ND
Phoenix Hotspur Academy batting - Pitching for Moose Jaw Canucks : RHP Billy Threepwood
Batting: RHB Nathan Pruitt 0-0: Ball
1-0: Called Strike
1-1: Swinging Strike
1-2: Ball
2-2: Ball
3-2: Fly out, F9 (Flyball, 89S)
Batting: LHB Ben Tyler 0-0: Ball
1-0: Swinging Strike
1-1: Ball
2-1: Ball
3-1: Foul Ball, location: 2F
3-2: Foul Ball, location: 2F
3-2: Ground out U3 (Groundball, 34S)
Batting: RHB Gabriel Méndez 0-0: Called Strike
0-1: Foul Ball, location: 2F
0-2: Ball
1-2: Foul Ball, location: 2F
1-2: Foul Ball, location: 2F
1-2: Strikes out swinging
Bottom of the 2nd over - 0 runs, 0 hits, 0 errors, 0 left on base; Moose Jaw 0 - Phoenix 0
TOP OF THE 3RD
Moose Jaw Canucks batting - Pitching for Phoenix Hotspur Academy : RHP Bob Norlander
Batting: SHB Millard Guzowski 0-0: SINGLE (Groundball, 6) (infield hit)
Batting: RHB Louis Gielens 0-0: Called Strike
0-1: Ball
1-1: Ball
2-1: Foul Ball, location: 2F
2-2: Strikes out swinging
Batting: RHB Álex Chávez 0-0: Called Strike
Millard Guzowski is caught stealing 2nd base
0-1: Called Strike
0-2: Ball
1-2: Fly out, F9 (Line Drive, 9)
Top of the 3rd over - 0 runs, 1 hit, 0 errors, 0 left on base; Moose Jaw 0 - Phoenix 0
BOTTOM OF THE 3RD
Phoenix Hotspur Academy batting - Pitching for Moose Jaw Canucks : RHP Billy Threepwood
Batting: LHB Daniel Joseph 0-0: Ball
1-0: Ball
2-0: Called Strike
2-1: Called Strike
2-2: Strikes out swinging
Batting: RHB Felipe Hernández 0-0: Ball
1-0: Ball
2-0: Ball
3-0: Called Strike
3-1: Foul Ball, location: 2F
3-2: Ground out 5-3 (Groundball, 56S)
Batting: RHB Paco González 0-0: Ball
1-0: Called Strike
1-1: Ball
2-1: Foul Ball, location: 2F
2-2: Ball
3-2: Foul Ball, location: 2F
3-2: Foul Ball, location: 2F
3-2: Ground out 6-3 (Groundball, 6)
Bottom of the 3rd over - 0 runs, 0 hits, 0 errors, 0 left on base; Moose Jaw 0 - Phoenix 0
TOP OF THE 4TH
Moose Jaw Canucks batting - Pitching for Phoenix Hotspur Academy : RHP Bob Norlander
Batting: RHB Peer Kattenberg 0-0: Swinging Strike
0-1: Ball
1-1: Foul Ball, location: 2F
1-2: Strikes out swinging
Batting: LHB Fernando Sandoval 0-0: Ball
1-0: Called Strike
1-1: Ball
2-1: Foul Ball, location: 2F
2-2: Foul Ball, location: 2F
2-2: Reached on error, E7 (Flyball, 7S)
Batting: RHB Tim O'Brian 0-0: Fly out, F9 (Flyball, 9D)
Batting: SHB Ricardo Serna 0-0: Called Strike
0-1: Fly out, F9 (Flyball, 9LS)
Top of the 4th over - 0 runs, 0 hits, 1 error, 1 left on base; Moose Jaw 0 - Phoenix 0
BOTTOM OF THE 4TH
Phoenix Hotspur Academy batting - Pitching for Moose Jaw Canucks : RHP Billy Threepwood
Batting: LHB Pancho Coloma 0-0: SINGLE (Groundball, 6D)
Batting: RHB Brit Davis 0-0: Called Strike
0-1: Foul Ball, location: 2F
0-2: Foul Ball, location: 2F
0-2: Foul Ball, location: 2F
0-2: Fielders Choice at 2nd, 5-4 (Groundball, 56)
Batting: RHB Brad Lamb 0-0: Called Strike
0-1: Foul Ball, location: 2F
0-2: Foul Ball, location: 2F
0-2: Ball
1-2: Strikes out swinging
Batting: RHB Nathan Pruitt 0-0: Called Strike
0-1: Ball
1-1: Swinging Strike
1-2: Foul Ball, location: 2F
1-2: Fly out, F6 (Popup, 6MD)
Bottom of the 4th over - 0 runs, 1 hit, 0 errors, 1 left on base; Moose Jaw 0 - Phoenix 0
TOP OF THE 5TH
Moose Jaw Canucks batting - Pitching for Phoenix Hotspur Academy : RHP Bob Norlander
Batting: RHB An-te-hai Qing 0-0: Foul Ball, location: 2F
0-1: Fly out, F6 (Line Drive, 6)
Batting: RHB Bernardo Rodríguez 0-0: Ball
1-0: Ball
2-0: SINGLE (Flyball, 89S)
Batting: SHB Millard Guzowski 0-0: Ball
1-0: Foul Ball, location: 2F
1-1: 2-RUN HOME RUN (Flyball, 9D), Distance : 363 ft
Batting: RHB Louis Gielens 0-0: Ball
1-0: Called Strike
1-1: Ball
2-1: Fly out, F6 (Popup, 6M)
Batting: RHB Álex Chávez 0-0: Called Strike
0-1: Ball
1-1: SINGLE (Groundball, 4MD)
Batting: RHB Peer Kattenberg 0-0: Foul Ball, location: 2F
0-1: Called Strike
0-2: Ball
1-2: Fly out, F9 (Flyball, 9D)
Top of the 5th over - 2 runs, 3 hits, 0 errors, 1 left on base; Moose Jaw 2 - Phoenix 0
BOTTOM OF THE 5TH
Phoenix Hotspur Academy batting - Pitching for Moose Jaw Canucks : RHP Billy Threepwood
Batting: LHB Ben Tyler 0-0: Ball
1-0: Foul Ball, location: 2F
1-1: Called Strike
1-2: Strikes out looking
Batting: RHB Gabriel Méndez 0-0: Ball
1-0: Foul Ball, location: 2F
1-1: Foul Ball, location: 2F
1-2: Ball
2-2: DOUBLE (Groundball, 5L)
Batting: LHB Daniel Joseph 0-0: Called Strike
0-1: Ground out 3-1 (Groundball, 34)
Gabriel Méndez to third
Batting: RHB Felipe Hernández 0-0: Called Strike
0-1: Called Strike
0-2: Foul Ball, location: 2F
0-2: Strikes out swinging wild pitch, reaches first!
Gabriel Méndez scores
Batting: RHB Paco González 0-0: Ball
1-0: Ball
2-0: Ball
3-0: Called Strike
3-1: Base on Balls
Felipe Hernández to second
Batting: LHB Pancho Coloma 0-0: SINGLE (Flyball, 9LS)
Felipe Hernández to third
Paco González to second
Runner from 3rd tries for Home, SAFE, throw made home
Batting: RHB Brit Davis 0-0: Ball
1-0: Fielders Choice at 2nd, 6-4 (Groundball, 6)
Bottom of the 5th over - 2 runs, 2 hits, 0 errors, 2 left on base; Moose Jaw 2 - Phoenix 2
TOP OF THE 6TH
Moose Jaw Canucks batting - Pitching for Phoenix Hotspur Academy : RHP Bob Norlander
Batting: LHB Fernando Sandoval 0-0: Ball
1-0: Called Strike
1-1: Ball
2-1: Foul Ball, location: 2F
2-2: Strikes out swinging
Batting: RHB Tim O'Brian 0-0: Ball
1-0: Swinging Strike
1-1: Foul Ball, location: 2F
1-2: Foul Ball, location: 2F
1-2: Ball
2-2: Ball
3-2: Base on Balls
Batting: SHB Ricardo Serna 0-0: Ball
1-0: Called Strike
1-1: Ball
2-1: Fly out, F7 (Line Drive, 7)
Batting: RHB An-te-hai Qing 0-0: Ball
1-0: Foul Ball, location: 2F
1-1: Foul Ball, location: 2F
1-2: SINGLE (Groundball, 6) (infield hit)
Tim O'Brian to second
Batting: RHB Bernardo Rodríguez 0-0: Called Strike
0-1: Ball
1-1: Fly out, F7 (Flyball, 7S)
Top of the 6th over - 0 runs, 1 hit, 0 errors, 2 left on base; Moose Jaw 2 - Phoenix 2
BOTTOM OF THE 6TH
Phoenix Hotspur Academy batting - Pitching for Moose Jaw Canucks : RHP Billy Threepwood
Batting: RHB Brad Lamb 0-0: Swinging Strike
0-1: Foul Ball, location: 2F
0-2: Ball
1-2: Ball
2-2: Ball
3-2: Ground out 4-3 (Groundball, 4)
Batting: RHB Nathan Pruitt 0-0: Called Strike
0-1: Called Strike
0-2: Ground out 6-3 (Groundball, 6)
Batting: LHB Ben Tyler 0-0: Ball
1-0: Ground out 6-3 (Groundball, 4MS)
Bottom of the 6th over - 0 runs, 0 hits, 0 errors, 0 left on base; Moose Jaw 2 - Phoenix 2
TOP OF THE 7TH
Moose Jaw Canucks batting - Pitching for Phoenix Hotspur Academy : RHP Bob Norlander
Batting: SHB Millard Guzowski 0-0: Ball
1-0: Ground out 4-3 (Groundball, 4)
Batting: RHB Louis Gielens 0-0: Ball
1-0: Called Strike
1-1: Ball
2-1: Called Strike
2-2: Fly out, F9 (Flyball, 9LSF)
Batting: RHB Álex Chávez 0-0: Swinging Strike
0-1: Swinging Strike
0-2: Strikes out swinging
Top of the 7th over - 0 runs, 0 hits, 0 errors, 0 left on base; Moose Jaw 2 - Phoenix 2
BOTTOM OF THE 7TH
Phoenix Hotspur Academy batting - Pitching for Moose Jaw Canucks : RHP Billy Threepwood
Batting: RHB Gabriel Méndez 0-0: Ball
1-0: SINGLE (Flyball, 9LS)
Batting: LHB Daniel Joseph 0-0: Ball
1-0: Ball
2-0: Ball
3-0: Called Strike
3-1: Foul Ball, location: 2F
3-2: Base on Balls
Gabriel Méndez to second
Pitching: RHP Seppe Coussement
Batting: RHB Felipe Hernández 0-0: Called Strike
0-1: Bunt missed!
0-2: Ball
1-2: Strikes out looking
Batting: RHB Paco González 0-0: Called Strike
0-1: Called Strike
0-2: Ball
1-2: Ball
2-2: SINGLE (Groundball, 6D)
Gabriel Méndez to third
Daniel Joseph to second
Runner from 3rd tries for Home, SAFE, no throw
Batting: LHB Pancho Coloma 0-0: Ball
1-0: Ball
2-0: Ball
3-0: Called Strike
3-1: Base on Balls
Daniel Joseph to third
Paco González to second
Batting: RHB Brit Davis 0-0: Called Strike
0-1: Ball
1-1: Ball
Passed Ball!
Daniel Joseph scores
Paco González to third
Pancho Coloma to second
2-1: Swinging Strike
2-2: Strikes out swinging
Batting: RHB Brad Lamb 0-0: Called Strike
0-1: Ground out 6-3 (Groundball, 56)
Bottom of the 7th over - 2 runs, 2 hits, 0 errors, 2 left on base; Moose Jaw 2 - Phoenix 4
TOP OF THE 8TH
Moose Jaw Canucks batting - Pitching for Phoenix Hotspur Academy : RHP Bob Norlander
Batting: RHB Peer Kattenberg 0-0: Ball
1-0: Ball
2-0: Foul Ball, location: 2F
2-1: Ground out 6-3 (Groundball, 6)
Batting: LHB Fernando Sandoval 0-0: Ball
1-0: Ball
2-0: Foul Ball, location: 2F
2-1: Swinging Strike
2-2: Strikes out looking
Batting: RHB Tim O'Brian 0-0: SINGLE (Line Drive, 78S)
Pitching: RHP Jorge Torres
Batting: SHB Ricardo Serna 0-0: Foul Ball, location: 2F
0-1: Ball
1-1: Foul Ball, location: 2F
1-2: Foul Ball, location: 2F
1-2: Foul Ball, location: 2F
1-2: 2-RUN HOME RUN (Flyball, 89XD), Distance : 400 ft
Batting: RHB An-te-hai Qing 0-0: Ball
1-0: Called Strike
1-1: Called Strike
1-2: Foul Ball, location: 2F
1-2: Strikes out looking
Top of the 8th over - 2 runs, 2 hits, 0 errors, 0 left on base; Moose Jaw 4 - Phoenix 4
BOTTOM OF THE 8TH
Phoenix Hotspur Academy batting - Pitching for Moose Jaw Canucks : RHP Seppe Coussement
Batting: RHB Nathan Pruitt 0-0: Ball
1-0: Foul Ball, location: 2F
1-1: Foul Ball, location: 2F
1-2: Foul Ball, location: 2F
1-2: Ball
2-2: Foul Ball, location: 2F
2-2: Foul Ball, location: 2F
2-2: Foul Ball, location: 2F
2-2: Foul Ball, location: 2F
2-2: Foul Ball, location: 2F
2-2: SINGLE (Groundball, 15S) (infield hit)
Batting: LHB Ben Tyler 0-0: Ball
1-0: SINGLE (Line Drive, 34D)
Nathan Pruitt to second
Runner from 2nd tries for 3rd, SAFE, no throw
Batting: RHB Gabriel Méndez 0-0: Called Strike
0-1: Called Strike
0-2: Ground out 4-3 (Groundball, 34)
Ben Tyler to second
Batting: LHB Daniel Joseph 0-0: Intentional Walk
Batting: RHB Felipe Hernández 0-0: Foul Ball, location: 2F
0-1: Called Strike
0-2: Ball
1-2: Strikes out looking
Batting: RHB Paco González 0-0: Fly out, F3 (Line Drive, 3)
Bottom of the 8th over - 0 runs, 2 hits, 0 errors, 3 left on base; Moose Jaw 4 - Phoenix 4
TOP OF THE 9TH
Moose Jaw Canucks batting - Pitching for Phoenix Hotspur Academy : RHP Jorge Torres
Pinch Hitting: RHB Gary Bruce 0-0: Foul Ball, location: 2F
0-1: Ball
1-1: Foul Ball, location: 2F
1-2: Strikes out swinging
Batting: SHB Millard Guzowski 0-0: Ball
1-0: Ball
2-0: Fly out, F8 (Flyball, 8LD)
Batting: RHB Louis Gielens 0-0: Ground out 4-3 (Groundball, 4)
Top of the 9th over - 0 runs, 0 hits, 0 errors, 0 left on base; Moose Jaw 4 - Phoenix 4
BOTTOM OF THE 9TH
Phoenix Hotspur Academy batting - Pitching for Moose Jaw Canucks : RHP Seppe Coussement
Now at SS: Jeffrey Braz
Batting: LHB Pancho Coloma 0-0: Ball
1-0: Called Strike
1-1: Ball
2-1: Ground out 4-3 (Groundball, 34)
Batting: RHB Brit Davis 0-0: Ball
1-0: Ball
2-0: Ground out 3-1 (Groundball, 34S)
Batting: RHB Brad Lamb 0-0: Foul Ball, location: 2F
0-1: Foul Ball, location: 2F
0-2: Foul Ball, location: 2F
0-2: Ball
1-2: Ball
2-2: Ball
3-2: Base on Balls
Pitching: RHP Sergio Morales
Batting: RHB Nathan Pruitt 0-0: Called Strike
0-1: Swinging Strike
0-2: Fly out, F7 (Flyball, 78D)
Bottom of the 9th over - 0 runs, 0 hits, 0 errors, 1 left on base; Moose Jaw 4 - Phoenix 4
TOP OF THE 10TH
Moose Jaw Canucks batting - Pitching for Phoenix Hotspur Academy : RHP Jorge Torres
Batting: RHB Álex Chávez 0-0: Called Strike
0-1: Ball
1-1: Called Strike
1-2: Ball
2-2: Ball
3-2: Base on Balls
Batting: RHB Peer Kattenberg 0-0: Ball
1-0: Ball
2-0: Ball
3-0: Called Strike
3-1: Bunted foul
3-2: Ground out U3 (Groundball, 3)
Álex Chávez to second
Batting: LHB Fernando Sandoval 0-0: Ball
1-0: Called Strike
1-1: SINGLE (Flyball, 78S)
Álex Chávez to third
Runner from 3rd tries for Home, SAFE, no throw
Batting: RHB Tim O'Brian 0-0: Fielders Choice at 2nd, 5-4 (Groundball, 56D)
Now at 2B: Javier Flores
Batting: SHB Ricardo Serna 0-0: Ground out 1-3 (Groundball, 13)
Top of the 10th over - 1 run, 1 hit, 0 errors, 1 left on base; Moose Jaw 5 - Phoenix 4
BOTTOM OF THE 10TH
Phoenix Hotspur Academy batting - Pitching for Moose Jaw Canucks : RHP Sergio Morales
Batting: LHB Ben Tyler 0-0: Called Strike
0-1: Foul Ball, location: 2F
0-2: Ball
1-2: Ball
2-2: Foul Ball, location: 2F
2-2: Strikes out swinging
Batting: RHB Gabriel Méndez 0-0: Called Strike
0-1: Ball
1-1: Ball
2-1: Foul Ball, location: 2F
2-2: SINGLE (Line Drive, 34)
Batting: LHB Daniel Joseph 0-0: Called Strike
0-1: Ball
1-1: Ball
2-1: SINGLE (Line Drive, 4MD)
Gabriel Méndez to second
Pinch Hitting: RHB Ronnie Wise 0-0: Ball
1-0: Ball
2-0: Foul Ball, location: 2F
2-1: Foul Ball, location: 2F
2-2: Fly out, F7 (Flyball, 7D)
Batting: RHB Javier Flores 0-0: Foul Ball, location: 2F
0-1: Called Strike
0-2: Ball
1-2: Foul Ball, location: 2F
1-2: Strikes out swinging
Bottom of the 10th over - 0 runs, 2 hits, 0 errors, 2 left on base; Moose Jaw 5 - Phoenix 4
Friday, March 29th, 2019 - OOTP Baseball 18.8 Build 76